 Dungeon Crawl Stone Soup version 0.31-a0-949-g57150269e1 (webtiles) character file.

Game seed: 13870591402838931176

18 Kurtz the Sneak (level 2, 24/24 HPs)
             Began as a Mummy Delver on Oct 22, 2023.
             Quit the game on level 4 of the Dungeon.
             The game lasted 00:00:32 (315 turns).

Kurtz the Sneak (Mummy Delver)                       Turns: 315, Time: 00:00:33

Health: 24/24      AC:  3    Str: 15    XL:     2   Next: 51%
Magic:  2/2        EV: 11    Int:  9    God:
Gold:   47         SH:  0    Dex: 13    Spells: 1/1 levels left

rFire   x . .        a - +0 hand axe
rCold   + . .        (no shield)
rNeg    + + +        b - +0 leather armour
rPois   ∞            (no helmet)
rElec   .            (no cloak)
rCorr   .            (no gloves)
SInv    .            (no boots)
Will    .....        (no amulet)
Stlth   ++           (no ring)
HPRegen 0.24/turn    (no ring)
MPRegen 0.08/turn

%: faith
@: no status effects
A: cold resistance 1, negative energy resistance 3, torment resistance 2, heat
vulnerability 1, in touch with death 1, no potions, faith
a: no special abilities


You were on level 4 of the Dungeon.
You visited 1 branch of the dungeon, and saw 2 of its levels.

You collected 47 gold pieces.

Inventory:

Hand Weapons
 a - a +0 hand axe (weapon)
Armour
 b - a +0 leather armour (worn)
Wands
 f - a wand of digging (3)
 h - a wand of roots (9)
Scrolls
 c - 2 scrolls of fog
 d - a scroll of revelation
 e - a scroll of fear
 g - a scroll of identify {unknown}


   Skills:
 + Level 3.1 Fighting
 + Level 1.7 Axes
 + Level 0.1 Armour
 + Level 1.6 Dodging
 + Level 4.5 Stealth


You had one spell level left.
You didn't know any spells.
Your spell library contained the following spells:

 Spells                   Type           Power      Damage    Failure   Level
 Blink                    Tloc           0%         N/A       58%         2
 Lesser Beckoning         Tloc           0%         N/A       58%         2
 Momentum Strike          Conj/Tloc      0%         3d8       58%         2
 Ozocubu's Armour         Ice            0%         N/A       83%         3
 Manifold Assault         Tloc           0%         N/A       99%         4
 Dispersal                Tloc           0%         N/A       100%        6
 Ozocubu's Refrigeration  Ice            0%         4d7       100%        7
 Disjunction              Tloc           0%         N/A       100%        8


Dungeon Overview and Level Annotations

Branches:
Dungeon (5/15)
 Temple: D:4-7

Altars:
Dithmenos

Annotations:
D:5 exclusions: orc priest, orc wizard and scorpion


Innate Abilities, Weirdness & Mutations

You are immune to poison.
Your flesh is cold resistant. (rC+)
You are immune to negative energy. (rN+++)
You are immune to unholy pain and torment.
You are vulnerable to heat. (rF-)
You are in touch with the powers of death.
You do not drink.
You have a special connection with the divine. (Faith)


Message History

The adder is moderately wounded.
The adder bites you but does no damage.
You miss the adder.
The adder is moderately wounded.
The adder barely misses you. The adder completely misses you.
You hit the adder.
The adder is heavily wounded.
The adder barely misses you.
You hit the adder.
The adder is severely wounded.
The adder bites you. x2
You hit the adder.
You kill the adder!
You see here an adder corpse.
No target in view!
No target in view!
You start resting.
HP restored.
c - 2 scrolls of fog (gained 1)
Found a stone staircase leading down.
There is a stone staircase leading down here.
A scorpion comes into view.
Unknown command.
There is a stone staircase leading down here.
Press: ? - help, . - travel You can't see that place. [the floor.] Placed new exclusion.
h - a wand of roots (9)
Found a stone staircase leading up.
No target in view!
No target in view!
There is a stone staircase leading up here.
You climb upwards.
You hear the sound of rushing water.
There is an entrance to a sewer on this level.
Hurry and find it before the portal rusts away!
There is a stone staircase leading down here.
Are you sure you want to abandon this character and quit the game? (Confirm with "yes".)
Okay, then.
Are you sure you want to abandon this character and quit the game? (Confirm with "yes".)

########
#......+
#..^..#
#.####.....#
#.....@....#
######.....#
........#
.........#
..........#
............
.............
..............


There were no monsters in sight!

Vanquished Creatures
  2 adders (D:5)
2 creatures vanquished.

Notes
Turn   | Place    | Note
-------+----------+-------------------------------------------
     0 | D:5      | Kurtz the Mummy Delver began the quest for the Orb.
     0 | D:5      | Reached XP level 1. HP: 18/18 MP: 1/1
    17 | D:5      | Found a shadowy altar of Dithmenos.
    47 | D:5      | Noticed an orc wizard
    47 | D:5      | Noticed an orc priest
    99 | D:5      | Reached XP level 2. HP: 18/24 MP: 2/2
   263 | D:5      | Noticed a scorpion
   315 | D:4      | Quit the game

Illustrated notes

Levels and vault maps discovered:
D:4:      layout_basic, kennysheep_little_box, minmay_temple_entry_grid,
          gup_sewer_entry_bowl
D:5:      layout_basic, lemuel_round_altar, dilly_guarded_unrand_throatcut

Action                     || total
---------------------------++-------
  Melee: Hand axe          ||    17
         Punch             ||     1
   Stab: Sleeping          ||     1
 Armour: Leather armour    ||    12
  Dodge: Dodged            ||    12

Table legend: (Time is in decaauts)
 A = Elapsed time spent in this place.
 B = Non-inter-level travel time spent in this place.
 C = Inter-level travel time spent in this place.
 D = Time resting spent in this place.
 E = Time spent auto-exploring this place.
 F = Levels seen in this place.
 G = Mean time per level.
                   A        B        C        D        E       F      G
               +--------+--------+--------+--------+--------+-----+--------+
         Total |    318 |    304 |     14 |     30 |    206 |   2 |  159.0 |
       Dungeon |    318 |    304 |     14 |     30 |    206 |   2 |  159.0 |
               +--------+--------+--------+--------+--------+-----+--------+

Top non-repeatable levels by time:
     D:5: 317 daAuts
     D:4: 0 daAuts
